 Dungeon Crawl Stone Soup version 0.27-a0-1529-g1e82c303ef (webtiles) character file.

Game seed: 1021636218839049107

1808 pokeman the Thaumaturge (level 8, -4/44 HPs)
             Began as a Deep Elf Hedge Wizard on July 11, 2021.
             Slain by a yak (10 damage)
             ... on level 6 of the Dungeon on July 12, 2021.
             The game lasted 00:17:25 (7802 turns).

pokeman the Thaumaturge (Deep Elf Hedge Wizard)     Turns: 7802, Time: 00:17:25

Health: -4/44      AC:  4    Str:  7    XL:     8   Next: 84%
Magic:  17/24      EV: 12    Int: 22    God:
Gold:   390        SH:  0    Dex: 14    Spells: 12/27 levels left

rFire    . . .     SeeInvis .   A - +1 short sword (venom)
rCold    . . .     Faith    .   (no shield)
rNeg     . . .     Spirit   .   i - +0 leather armour
rPois    .         Reflect  .   n - +0 helmet
rElec    .         Harm     .   (no cloak)
rCorr    .         Rampage  .   (no gloves)
Will     +....                  (no boots)
Stlth    ++........             (no amulet)
HPRegen  0.14/turn              l - ring of willpower
MPRegen  0.19/turn              (no ring)

@: no status effects
A: no striking features
a: no special abilities


You were on level 6 of the Dungeon.
You visited 1 branch of the dungeon, and saw 6 of its levels.

You collected 390 gold pieces.

Inventory:

Hand Weapons
 w - a +0 dagger of electrocution
 A - a +1 short sword of venom (weapon)
Missiles
 f - 43 bolts
Armour
 i - a +0 leather armour (worn)
 n - a +0 helmet (worn)
 y - the +18 shield of the Gong {rElec rN+ Will+ EV-5}
   (You found it on level 6 of the Dungeon)

   EV:        It affects your evasion (-5).
   rElec:     It insulates you from electricity.
   rN:        It protects you from negative energy.
   Will:      It increases your willpower.
Magical Staves
 u - a staff of cold
Jewellery
 l - a ring of willpower (left hand)
 z - a ring of willpower
Wands
 c - a wand of acid (11)
 d - a wand of polymorph (15)
 p - a wand of iceblast (5)
Scrolls
 a - 8 scrolls of identify {unknown}
 g - 2 scrolls of enchant armour {unknown}
 m - a scroll of fog {unknown}
 r - a scroll of magic mapping {unknown}
 t - a scroll of teleportation {unknown}
 v - a scroll of fear {unknown}
 x - a scroll of amnesia {unknown}
Potions
 b - 2 potions of lignification {unknown}
 e - a potion of curing {unknown}
 h - a potion of flight {unknown}
 j - 2 potions of haste
 k - a potion of heal wounds {unknown}
 o - 3 potions of degeneration {unknown}
 q - 2 potions of brilliance {unknown}


   Skills:
 - Level 2.2 Fighting
 + Level 2.9 Armour
 - Level 3.0 Dodging
 - Level 3.0 Stealth
 * Level 10.4 Spellcasting
 + Level 5.5 Conjurations
 - Level 1.1 Summonings
 - Level 1.1 Translocations
 + Level 4.2 Fire Magic
 - Level 1.2 Air Magic
 - Level 1.2 Poison Magic
 - Level 1.0 Evocations


You had 12 spell levels left.
You knew the following spells:

 Your Spells              Type           Power      Damage    Failure   Level
a - Magic Dart            Conj           100%       1d8       1%          1
b - Mephitic Cloud        Conj/Pois/Air  23%        N/A       9%          3
c - Call Imp              Summ           16%        N/A       9%          2
d - Blink                 Tloc           N/A        N/A       9%          2
e - Conjure Flame         Conj/Fire      33%        6-21      3%          3
f - Shock                 Conj/Air       100%       1d9       2%          1
g - Swiftness             Air            16%        N/A       16%         3

Your spell library contained the following spells:

 Spells                   Type           Power      Damage    Failure   Level
 Corona                   Hex            12%        N/A       9%          1
 Pain                     Necr           44%        1d6       9%          1
 Corpse Rot               Necr/Air       N/A        N/A       10%         2
 Ensorcelled Hibernation  Hex/Ice        22%        N/A       13%         2
 Slow                     Hex            11%        N/A       13%         2
 Tukima's Dance           Hex            11%        N/A       26%         3
 Airstrike                Air            8%         N/A       45%         4
 Passage of Golubria      Tloc           N/A        N/A       47%         4
 Dispel Undead            Necr           11%        3d9       63%         4
 Agony                    Necr           11%        N/A       93%         5
 Excruciating Wounds      Necr           5%         N/A       93%         5
 Yara's Violent Unravell  Hex/Tmut       5%         3d4       93%         5
 Death Channel            Necr           5%         N/A       100%        6


Dungeon Overview and Level Annotations

Branches:
Dungeon (6/15)
 Temple: D:4-7

Altars:

Shops:
D:1 !   D:2 (   D:4 =   D:6 (


Message History

You hit the yak but do no damage.
The yak is poisoned.
The yak is lightly wounded.
The yak is engulfed in noxious fumes. x2; The yak appears confused.
The yak is engulfed in noxious fumes.
The yak appears confused.
The yak gores you!
Unknown command.
Unknown command.
You hit the yak but do no damage.
The yak looks as sick as possible!
The yak is heavily wounded.
The yak is engulfed in noxious fumes.
The yak misses you.
The yak is engulfed in noxious fumes.
The yak gores you.
Unknown command.
You hit the yak.
The yak looks as sick as possible!
The yak is severely wounded.
The yak is engulfed in noxious fumes.
The yak appears confused.
The yak closely misses you. The yak completely misses you.
Unknown command.
You hit the yak but do no damage.
The yak looks as sick as possible!
The yak is moderately wounded.
The yak is engulfed in noxious fumes.
The yak appears confused.
The yak gores you.
The yak is engulfed in noxious fumes.
The yak appears confused.
The yak gores you!
* * * LOW HITPOINT WARNING * * *
Unknown command.
The yak is engulfed in noxious fumes.
The yak appears confused.
The yak is engulfed in noxious fumes.
The yak gores you.
* * * LOW HITPOINT WARNING * * *
The yak gores the yak.
Unknown command.
The yak seems less confused.
You kill the yak!
Casting: Mephitic Cloud (dangerous; 9% risk of failure)
Confirm with . or Enter, or press ? or * to list all spells.
You blink.
The yak gores you.
* * * LOW HITPOINT WARNING * * *
The yak closely misses you.
There is a stone staircase leading up, spattered with blood here.
The yak gores you!
You die...

......###...#......##......
...## #...##..........[...
#.## ####..#..............
.. ##.#.......# ##.......
#..##...######.......#
#.........#.#.......##
#..................###
#.....Y....#.........#
##...@Y....#........##
#..Y.Y..............#
##.##....#........... ##
#...##.......(...
#####.[...###.... ##..###
#.#.# ##.# ##### ###


You could see 4 yaks.

Vanquished Creatures
  Grinder (D:4)
  2 yaks
  Duvessa (D:6)
  An ice beast (D:4)
  A necrophage (D:5)
  An ogre (D:5)
  A gnoll sergeant (D:5)
  Blork the orc (D:5)
  A scorpion (D:4)
  A water moccasin zombie (D:6)
  Dowan (D:6)
  2 bullfrog zombies
  A jelly (D:4)
  An orc priest (D:5)
  3 hounds
  Terence (D:3)
  2 iguanas (D:4)
  Ijyb (D:3)
  2 orc wizards
  A scorpion zombie (D:5)
  Robin (D:3)
  8 gnolls
  6 adders
  An ufetubus (D:5)
  A worm (D:3)
  3 dart slugs
  9 orcs
  5 endoplasms
  4 giant cockroaches
  15 goblins
  7 hobgoblins
  15 jackals
  6 kobolds
  2 quokkas
  2 ball pythons (D:1)
  6 bats
  3 frilled lizards
  6 rats
126 creatures vanquished.

Vanquished Creatures (collateral kills)
  An orc priest (D:3)
  An orc wizard (D:3)
2 creatures vanquished.

Vanquished Creatures (others)
  A plant (D:6)
1 creature vanquished.

Grand Total: 129 creatures vanquished

Notes
Turn   | Place    | Note
-------+----------+-------------------------------------------
     0 | D:1      | pokeman the Deep Elf Hedge Wizard began the quest for the
                  | Orb.
     0 | D:1      | Reached XP level 1. HP: 10/10 MP: 7/7
   207 | D:1      | Reached XP level 2. HP: 15/15 MP: 6/9
   364 | D:1      | Found Tobameix's Distillery.
   767 | D:1      | Reached skill level 5 in Spellcasting
   870 | D:1      | Reached XP level 3. HP: 17/20 MP: 2/11
   892 | D:1      | HP: 1/20 [jackal (1)]
  1801 | D:2      | Found a faded altar of an unknown god.
  1826 | D:2      | Reached skill level 1 in Armour
  1898 | D:2      | Learned a level 3 spell: Mephitic Cloud
  1901 | D:2      | Learned a level 2 spell: Call Imp
  1904 | D:2      | Learned a level 2 spell: Blink
  1908 | D:2      | Learned a level 3 spell: Conjure Flame
  1924 | D:2      | Learned a level 1 spell: Shock
  1928 | D:2      | Reached skill level 1 in Fighting
  1975 | D:2      | Reached XP level 4. HP: 10/25 MP: 2/13
  1975 | D:2      | HP: 1/25 [gnoll (9)]
  2682 | D:2      | Found Worrer's Antique Weapon Boutique.
  3174 | D:3      | Reached skill level 1 in Fire Magic
  3208 | D:3      | Reached skill level 6 in Spellcasting
  3208 | D:3      | Reached XP level 5. HP: 29/29 MP: 7/15
  3271 | D:3      | Learned a level 3 spell: Swiftness
  3272 | D:3      | Noticed Robin
  3285 | D:3      | Killed Robin
  3582 | D:3      | Reached skill level 1 in Poison Magic
  3706 | D:3      | Noticed Ijyb
  3736 | D:3      | Killed Ijyb
  4060 | D:3      | Noticed Terence
  4071 | D:3      | Killed Terence
  4072 | D:3      | Reached XP level 6. HP: 29/34 MP: 8/17
  4644 | D:4      | Noticed an ice beast
  4659 | D:4      | Killed an ice beast
  4660 | D:4      | Reached skill level 7 in Spellcasting
  4660 | D:4      | Reached skill level 1 in Air Magic
  4869 | D:4      | Found Peytecs's Jewellery Shoppe.
  5306 | D:4      | Reached skill level 1 in Evocations
  5306 | D:4      | Reached XP level 7. HP: 39/39 MP: 14/20
  5655 | D:4      | Noticed Grinder
  5664 | D:4      | Killed Grinder
  5665 | D:4      | Reached skill level 8 in Spellcasting
  5806 | D:5      | Entered Level 5 of the Dungeon
  6382 | D:5      | Reached XP level 8. HP: 44/44 MP: 17/22
  6397 | D:5      | Reached skill level 9 in Spellcasting
  6806 | D:5      | Noticed Blork the orc
  6821 | D:5      | Killed Blork the orc
  7299 | D:6      | Found the +18 shield of the Gong {rElec rN+ Will+ EV-5}
  7362 | D:6      | Found Jaer's Hydra Hut.
  7371 | D:6      | Reached skill level 5 in Conjurations
  7435 | D:6      | Noticed a five-headed hydra
  7453 | D:6      | Noticed Duvessa
  7454 | D:6      | Noticed Dowan
  7470 | D:6      | Killed Dowan
  7484 | D:6      | Killed Duvessa
  7524 | D:5      | Reached skill level 10 in Spellcasting
  7802 | D:6      | Slain by a yak

Illustrated notes

Levels and vault maps discovered:
D:1:      matt_arrival_los_fun, layout_basic, serial_shops,
          nicolae_shop_waterfront
D:2:      layout_basic, shapermc_ecumenical_altar_venn, serial_shops,
          shop_statue, minmay_tall_x
D:3:      layout_loops_cross, uniq_terence, uniq_robin, uniq_ijyb
D:4:      layout_basic, serial_shops, kennysheep_mini, uniq_grinder
D:5:      layout_basic, uniq_blork_the_orc
D:6:      layout_cave_pools, minmay_shop_damaged, grunt_decor_clamped,
          doesnt_shop_hydraphobe, uniq_duvessa

Skill      XL: |  1  2  3  4  5  6  7  8 |
---------------+-------------------------+-----
Spellcasting   | 5 6 7 8 10 | 10.4
Armour         | 1 2 |  2.9
Fighting       | 1 2 |  2.2
Conjurations   | 2 3 4 5 |  5.5
Fire Magic     | 1 2 4 |  4.2
Dodging        | 3 |  3.0
Poison Magic   | 1 |  1.2
Stealth        | 3 |  3.0
Air Magic      | 1 |  1.2
Evocations     | 1 |  1.0
Summonings     | |  1.1
Translocations | |  1.1

Action                   |  1- 3 |  4- 6 |  7- 9 || total
-------------------------+-------+-------+-------++-------
Melee: Spear             |    53 |    32 |       ||    85
       Dagger            |       |     5 |    29 ||    34
       Short sword       |       |       |     7 ||     7
 Cast: Magic Dart        |    95 |    43 |    11 ||   149
       Shock             |    10 |    92 |    74 ||   176
       Blink             |       |     1 |     2 ||     3
       Conjure Flame     |       |     7 |     9 ||    16
       Mephitic Cloud    |       |     4 |     8 ||    12
       Call Imp          |       |     1 |       ||     1
 Stab: Confused          |       |     3 |     4 ||     7
       Sleeping          |       |     1 |       ||     1
Armor: Robe              |    18 |       |       ||    18
       Leather armour    |       |    13 |    10 ||    23
Dodge: Dodged            |    59 |    30 |    30 ||   119

Table legend: (Time is in decaauts)
 A = Elapsed time spent in this place.
 B = Non-inter-level travel time spent in this place.
 C = Inter-level travel time spent in this place.
 D = Time resting spent in this place.
 E = Time spent auto-exploring this place.
 F = Levels seen in this place.
 G = Mean time per level.
                   A        B        C        D        E       F      G
               +--------+--------+--------+--------+--------+-----+--------+
         Total |   7810 |   7616 |    194 |    482 |   6208 |   6 | 1301.7 |
       Dungeon |   7810 |   7616 |    194 |    482 |   6208 |   6 | 1301.7 |
               +--------+--------+--------+--------+--------+-----+--------+

Top non-repeatable levels by time:
     D:1: 1700 daAuts
     D:5: 1612 daAuts
     D:3: 1500 daAuts
     D:4: 1428 daAuts
     D:2: 1184 daAuts
     D:6: 384 daAuts
